 Dungeon Crawl Stone Soup version 0.31.0-1-g2c135a0 (webtiles) character file.

Game seed: 2428165913541263920

9 bonegar the Sneak (level 2, -1/22 HPs)
             Began as a Naga Enchanter on Feb 14, 2024.
             Slain by an endoplasm (2 damage)
             ... on level 1 of the Dungeon.
             The game lasted 00:00:48 (106 turns).

bonegar the Sneak (Naga Enchanter)                   Turns: 106, Time: 00:00:49

Health: -1/22      AC:  1    Str: 10    XL:     2   Next: 12%
Magic:  5/5        EV:  9    Int: 15    God:
Gold:   0          SH:  0    Dex: 11    Spells: 5/5 levels left

rFire   . . .        a - +1 dagger
rCold   . . .        (no shield)
rNeg    . . .        b - +0 robe
rPois   +            (no helmet)
rElec   .            (no cloak)
rCorr   .            (no gloves)
SInv    +            (no barding)
Will    .....        (no amulet)
Stlth   +++          (no ring)
HPRegen 0.23/turn    (no ring)
MPRegen 0.09/turn

%: no passive effects
@: very slow
A: AC +0, large, see invisible, deformed body, poison resistance, slowness 2,
spit poison 1, naga tail 1
a: Spit Poison


You were on level 1 of the Dungeon.
You visited 1 branch of the dungeon, and saw 1 of its levels.

Inventory:

Hand Weapons
 a - a +1 dagger (weapon)
Armour
 b - a +0 robe (worn)
Scrolls
 d - a scroll of enchant weapon {unknown}
Potions
 c - 2 potions of invisibility
 e - a potion of curing {unknown}


   Skills:
 + Level 1.0 Short Blades
 + Level 1.6 Dodging
 + Level 5.0 Stealth
 + Level 2.0 Spellcasting
 + Level 3.1 Hexes


You had 5 spell levels left.
You didn't know any spells.
Your spell library contained the following spells:

 Spells                   Type           Power      Damage    Failure   Level
 Ensorcelled Hibernation  Hex/Ice        12%        N/A       17%         2
 Confusing Touch          Hex            11%        N/A       19%         3
 Tukima's Dance           Hex            11%        N/A       19%         3
 Dazzling Flash           Conj/Hex       12%        N/A       34%         3


Dungeon Overview and Level Annotations

Branches:
Dungeon (1/15)

Altars:


Innate Abilities, Weirdness & Mutations

Your serpentine skin is tough. (AC +0)
You have supernaturally acute eyesight. (SInv)
Armour fits poorly on your strangely shaped body.
Your system is resistant to poisons. (rPois)
You cover ground very slowly.
You can spit poison.
You have a snake-like lower body.


Message History

2 jackals come into view.
An endoplasm comes into view.
The helpless jackal fails to defend itself.
You puncture the jackal!
You kill the jackal!
You have reached level 2!
You see here a jackal corpse.
The jackal barks!
The endoplasm quivers.
The jackal barely misses you. x2
You barely miss the jackal. The jackal closely misses you.
The endoplasm freezes you.
You are frozen.
The jackal closely misses you.
You closely miss the jackal. The jackal bites you. The endoplasm freezes you.
You are frozen.
You hit the jackal.
The jackal is severely wounded.
The jackal bites you but does no damage.
The endoplasm hits you.
You barely miss the jackal.
The jackal is severely wounded.
The jackal bites you. x2
The endoplasm freezes you.
You are frozen.
* * * LOW HITPOINT WARNING * * *
You hit the jackal.
You kill the jackal!
The endoplasm freezes you.
You are frozen.
* * * LOW HITPOINT WARNING * * *
Your Stealth skill increases to level 5!
Unknown command.
You hit the endoplasm.
The endoplasm is heavily wounded.
The endoplasm misses you.
You barely miss the endoplasm.
The endoplasm is heavily wounded.
The endoplasm hits you.
You die...

#### ######
#...#######......
#................
.
#................
..#...............
...........J.#
#.......†@†.#
.###........#
#........#
###.######## .
#.....# #.
...#....######...
................
#...........##.
#...####....#


You could see an endoplasm.

Vanquished Creatures
  2 goblins (D:1)
  2 jackals (D:1)
  A kobold (D:1)
  A quokka (D:1)
  A rat (D:1)
7 creatures vanquished.

Notes
Turn   | Place    | Note
-------+----------+-------------------------------------------
     0 | D:1      | bonegar the Naga Enchanter began the quest for the Orb.
     0 | D:1      | Reached XP level 1. HP: 15/15 MP: 3/3
    98 | D:1      | Reached XP level 2. HP: 22/22 MP: 5/5
   104 | D:1      | HP: 1/22 [frozen (5)]
   105 | D:1      | Reached skill level 5 in Stealth
   106 | D:1      | Slain by an endoplasm

Illustrated notes

Levels and vault maps discovered:
D:1:      minmay_arrival_stair_chambers, layout_basic

Skill      XL: |  1  2 |
---------------+-------+-----
Stealth        | 5 |  5.0
Short Blades   | |  1.0
Dodging        | |  1.6
Spellcasting   | |  2.0
Hexes          | |  3.1

Action                     || total
---------------------------++-------
  Melee: Dagger            ||    17
         Punch             ||     1
   Stab: Sleeping          ||     5
 Armour: Robe              ||     9
  Dodge: Dodged            ||     7
